 Dungeon Crawl Stone Soup version 0.29-a0-1009-g60c99734e7 (webtiles) character file.

Game seed: 13801523582299016650

21654 sanka the Destroyer (level 12, -3/98 HPs)
             Began as a Gnoll Conjurer on Aug 8, 2022.
             Was an Elder of Ashenzari.
             Slain by a wind drake (6 damage)
             ... on level 2 of the Lair of Beasts.
             The game lasted 00:33:06 (17378 turns).

sanka the Destroyer (Gnoll Conjurer)               Turns: 17378, Time: 00:33:07

Health: -3/98      AC:  7    Str:  7    XL:     12   Next: 92%
Magic:  27/27      EV: 23    Int: 23    God:    Ashenzari [****..]
Gold:   1229       SH:  0    Dex: 16    Spells: 27/34 levels left

rFire   . . .      SeeInvis +   a - +8 broad axe of Viulae {freeze, rC+ Stlth+}
rCold   + . .      Faith    .   (no shield)
rNeg    . . .      Spirit   .   N - +2 robe "Behold Eternity" {Archmagi, Comp, Elem} (curse)
rPois   .          Reflect  .   (no helmet)
rElec   .          Harm     .   (no cloak)
rCorr   .          Rampage  .   J - +0 pair of gloves of the Shackled Chagrin {Self, Cun} (curse)
Will    .....      Archmagi +   n - +0 pair of boots of Ashenzari's Pleiades {Melee, Comp} (curse)
Stlth   ++++++.... Clarity  +   O - amulet of Ashenzari's Malaise {RegenMP, Cun, Bglg} (curse)
HPRegen 0.26/turn               k - ring of the Cursed Sphere {EV+4, Elem, Bglg} (curse)
MPRegen 0.60/turn               w - ring of the Wild Blue Yonder {Dex+6, Evo, Cun} (curse)

@: about to teleport
A: fangs 1, strong nose, distributed training
a: Renounce Religion, Shatter the Chains


You were on level 2 of the Lair of Beasts.
You worshipped Ashenzari.
Ashenzari was greatly pleased with you.
You visited 3 branches of the dungeon, and saw 14 of its levels.
You also visited: Sewer.

You collected 1287 gold pieces.
You spent 58 gold pieces at shops.


Innate Abilities, Weirdness & Mutations

You have very sharp teeth.
Your uncanny sense of smell can sniff out nearby items.
Your experience applies equally to all skills.


   Skills:
 + Level 8.3(10.3) Fighting
 + Level 8.3(10.3) Short Blades
 + Level 8.3(10.3) Long Blades
 + Level 8.3(10.3) Axes
 + Level 8.3(10.3) Maces & Flails
 + Level 8.3(10.3) Polearms
 + Level 8.3(10.3) Staves
 + Level 8.3 Ranged Weapons
 + Level 8.3 Throwing
 + Level 8.3 Armour
 + Level 9.5(13.4) Dodging
 + Level 9.3(13.2) Stealth
 + Level 8.3 Shields
 + Level 8.3(10.3) Unarmed Combat
 + Level 9.7(11.7) Spellcasting
 + Level 10.0(12.9) Conjurations
 + Level 6.9(9.9) Hexes
 + Level 6.9(9.9) Summonings
 + Level 6.9(9.9) Necromancy
 + Level 6.9(9.9) Translocations
 + Level 6.9 Transmutations
 + Level 6.9(9.9) Fire Magic
 + Level 6.9(9.9) Ice Magic
 + Level 6.9(9.9) Air Magic
 + Level 6.9(9.9) Earth Magic
 + Level 6.9 Poison Magic
 + Level 9.1 Invocations
 + Level 8.3(10.3) Evocations


You had 27 spell levels left.
You knew the following spells:

 Your Spells              Type           Power      Damage    Failure   Level
x - Searing Ray           Conj           100%       2d8       1%          2
z - Magic Dart            Conj           100%       1d8       1%          1
Z - Fulminant Prism       Conj/Hex       39%        3d18      1%          4

Your spell library contained the following spells:

 Spells                   Type           Power      Damage    Failure   Level
 Apportation              Tloc           100%       N/A       1%          1
 Summon Small Mammal      Summ           100%       N/A       1%          1
 Scorch                   Fire           100%       2d10      1%          2
 Call Canine Familiar     Summ           73%        N/A       1%          3
 Confusing Touch          Hex            73%        N/A       1%          3
 Dazzling Flash           Conj/Hex       100%       N/A       1%          3
 Gell's Gravitas          Tloc           73%        N/A       1%          3
 Inner Flame              Hex/Fire       73%        N/A       1%          3
 Lesser Beckoning         Tloc           73%        N/A       1%          3
 Ozocubu's Armour         Ice            73%        N/A       1%          3
 Portal Projectile        Hex/Tloc       100%       N/A       1%          3
 Summon Guardian Golem    Hex/Summ       73%        N/A       1%          3
 Teleport Other           Tloc           73%        N/A       1%          3
 Tukima's Dance           Hex            73%        N/A       1%          3
 Cause Fear               Hex            36%        N/A       1%          4
 Flame Wave               Conj/Fire      78%        2d17      1%          4
 Iskenderun's Mystic Bla  Conj/Tloc      78%        2d16      1%          4
 Agony                    Necr           73%        N/A       2%          5
 Silence                  Hex/Air        36%        N/A       2%          5
 Yara's Violent Unravell  Hex/Tmut       34%        3d14      4%          5
 Alistair's Intoxication  Tmut/Pois      40%        N/A       8%          5
 Blade Hands              Tmut           30%        N/A       8%          5
 Summon Cactus Giant      Summ           36%        N/A       12%         6
 Enfeeble                 Hex            36%        N/A       56%         7
 Ozocubu's Refrigeration  Ice            36%        4d15      56%         7
 Discord                  Hex            36%        N/A       99%         8

Inventory:

Hand Weapons
 a - the +8 broad axe of Viulae (weapon) {freeze, rC+ Stlth+}

   It freezes those it strikes, dealing additional cold damage.
   It can also slow down cold-blooded creatures.
   rC:        It protects you from cold.
   Stlth:     It makes you more stealthy.
 b - a +0 dagger
 d - the +4 battleaxe of Lusei {vamp, rF++}

   It occasionally heals its wielder for a portion of the damage dealt when it
   wounds a living foe.
   rF:        It greatly protects you from fire.
 C - a +1 dagger of distortion
 F - a +0 halberd
 M - a +4 flail
Missiles
 r - 20 poisoned darts
 B - 5 curare-tipped darts {=f}
 G - 4 throwing nets {=f}
Armour
 n - the cursed +0 pair of boots of Ashenzari's Pleiades (worn) {Melee, Comp}

   It has a curse which improves the following skills: Melee Combat: Short
   Blades, Long Blades, Axes, Maces & Flails, Polearms, Staves and Unarmed
   Combat.
   Companions: Summonings and Necromancy.
 J - the cursed +0 pair of gloves of the Shackled Chagrin (worn) {Self, Cun}

   It has a curse which improves the following skills: Introspection: Fighting
   and Spellcasting.
   Cunning:   Dodging and Stealth.
 N - the cursed +2 robe "Behold Eternity" (worn) {Archmagi, Comp, Elem}

   It has a curse which improves the following skills: Companions: Summonings
   and Necromancy.
   Elements:  Fire Magic, Ice Magic, Air Magic and Earth Magic.
Magical Staves
 f - a staff of earth
Jewellery
 j - a ring of willpower
 k - the cursed ring of the Cursed Sphere (left hand) {EV+4, Elem, Bglg}

   [ring of evasion]

   EV:        It affects your evasion (+4).
   It has a curse which improves the following skills: Elements: Fire Magic, Ice
   Magic, Air Magic and Earth Magic.
   Beguiling: Conjurations, Hexes and Translocations.
 q - a ring of flight
 w - the cursed ring of the Wild Blue Yonder (right hand) {Dex+6, Evo, Cun}

   [ring of dexterity]

   Dex:       It affects your dexterity (+6).
   It has a curse which improves the following skills: Evocations: Evocations.
   Cunning:   Dodging and Stealth.
 E - a ring of resist corrosion
 O - the cursed amulet of Ashenzari's Malaise (around neck) {RegenMP, Cun, Bglg}

   [amulet of magic regeneration]

   It increases your rate of magic regeneration.
   It has a curse which improves the following skills: Cunning: Dodging and
   Stealth.
   Beguiling: Conjurations, Hexes and Translocations.
Wands
 u - a wand of flame (43)
 z - a wand of paralysis (7)
 D - a wand of iceblast (7)
Scrolls
 e - 3 scrolls of amnesia
 g - 3 scrolls of teleportation {@r4}
 l - 4 scrolls of immolation {!r}
 o - 2 scrolls of enchant armour
 t - a scroll of blinking
 y - 2 scrolls of fog
 A - 3 scrolls of poison {!r}
 H - 5 scrolls of fear
 L - a scroll of enchant weapon
Potions
 c - 2 potions of degeneration {!q}
 h - 2 potions of heal wounds {@q2}
 i - 2 potions of magic
 m - a potion of brilliance
 p - 2 potions of mutation {!q}
 s - a potion of ambrosia
 v - 4 potions of flight
 x - 11 potions of curing {@q1}
 I - 3 potions of haste {@q3}
 K - a potion of invisibility
 P - a potion of might

Dungeon Overview and Level Annotations

Branches:
Dungeon (11/15)            Temple (1/1) D:5            Lair (2/5) D:9
 Spider (0/4) Lair:2          Orc (0/2) D:11          Sewer (visited)
  Swamp: Lair:2-3    Shoals: Lair:2-3

Altars:
Ashenzari
Cheibriados
Dithmenos
Elyvilon
Fedhas
Gozag
Hepliaklqana
Kikubaaqudgha
Makhleb
Nemelex Xobeh
Okawaru
Qazlal
Ru
Sif Muna
Trog
Uskayaw
Vehumet
Wu Jian
Xom
Yredelemnul
Zin
The Shining One

Shops:
D:4

* ░,, , , ,░ ▒▒..▒.▒▒. ░, ░ ▒..
░ ▒▒▒..f▒▒▒▒P ░ ░...f ▒....▒▒▒
▒▒ ,, ▒fF▒▒ ▒.▒▒.▒▒ ░ ,, ▒.{.▒
▒▒.▒.▒▒▒ ░ ░ f{.▒ ▒▒▒▒...▒▒▒▒ ░
▒..▒▒▒▒▒▒▒..▒▒▒▒ ▒ ,
▒▒.▒▒.....▒...▒▒ ▒ ░
▒▒▒▒▒▒.F.gl††....▒▒ ▒
▒.▒.▒l.D.▒▒▒H▒▒▒.▒▒▒▒ ▒ ░ ░
▒..l.....▒▒▒▒▒▒...▒▒▒ ▒ ,
▒..s▒▒...▒▒.▒......▒▒ ▒▒▒ , ░
▒▒▒▒.▒{▒▒▒.[▒▒▒.....▒.▒▒▒▒▒f▒ ░
░▒........▒▒.▒▒▒▒..▒.▒<.......
,
░▒..........▒▒▒▒▒▒..▒....▒▒▒▒▒.
░...........{▒▒▒▒........▒▒▒▒▒.
............▒▒▒.▒.▒▒..~.▒▒▒▒P.


You could see a seven-headed hydra, a wind drake (repels missiles), a manticore,
a komodo dragon, a basilisk, a bullfrog and a scorpion.


Message History

Unknown command.
A wind drake and a cane toad come into view.
The manticore flicks its tail.
The volley of spikes misses you.
Unknown command.
Unknown command.
As you read the scroll of teleportation {@r4}, it crumbles to dust.
You feel strangely unstable.
The sentinel's mark upon you fades away.
The manticore flicks its tail.
The volley of spikes misses you.
A basilisk comes into view.
The seven-headed hydra completely misses you.
The seven-headed hydra bites you!
* * * LOW HITPOINT WARNING * * *
The seven-headed hydra barely misses you.
The seven-headed hydra bites you.
* * * LOW HITPOINT WARNING * * *
The seven-headed hydra misses you. The seven-headed hydra bites you.
* * * LOW HITPOINT WARNING * * *
The seven-headed hydra bites you.
* * * LOW HITPOINT WARNING * * *
Unknown command.
Unknown command.
The bullfrog is no longer moving slowly.
A scorpion comes into view.
Unknown command.
The wind drake bites you.
You die...

Action                   |  1- 3 |  4- 6 |  7- 9 | 10-12 || total
-------------------------+-------+-------+-------+-------++-------
Melee: Unarmed           |     9 |       |       |       ||     9
       Falchion          |       |     1 |       |       ||     1
       Halberd           |       |       |     2 |       ||     2
       Flail             |       |       |    19 |       ||    19
       Bite              |       |       |     2 |    27 ||    29
       Broad axe         |       |       |       |   240 ||   240
       Punch             |       |       |       |    18 ||    18
Throw: Dart              |       |       |     2 |       ||     2
 Cast: Magic Dart        |    55 |    88 |   131 |   133 ||   407
       Searing Ray       |       |    11 |    27 |    26 ||    64
       Fulminant Prism   |       |       |       |    64 ||    64
Invok: Curse Item        |       |       |     2 |     5 ||     7
       Shatter the Chain |       |       |       |     1 ||     1
  Use: Potion            |       |       |     1 |       ||     1
       Scroll            |       |       |     1 |     1 ||     2
Armor: Robe              |     5 |     5 |     7 |    37 ||    54
Dodge: Dodged            |    10 |    34 |    40 |   346 ||   430

Levels and vault maps discovered:
D:1:      dpeg_arrival_circle_labyrinth_c, layout_basic,
          hellmonk_ecumenical_altar_arch_garden, serial_bayou_pond_a
D:2:      layout_basic, minmay_octomino_e4
D:3:      layout_loops_ring, hangedman_feature_mirror, amethyst_killhole
D:4:      layout_basic, nicolae_overflow_squiral, guppyfry_shop_venom,
          uniq_sigmund
D:5:      layout_gridville, nicolae_qazlal_general_emergency, temple_pool_b,
          grunt_ministairs_14, uniq_eustachio
D:6:      layout_basic, portal_sewer_entry_f
D:7:      layout_basic, hangedman_minor_gate_pass, uniq_maggie
D:8:      kennysheep_blocky_room, layout_layer_cave, st_stairs_1, uniq_joseph,
          uniq_psyche
D:9:      layout_irregular_city, grunt_lair_entry_orc_guard_hut, hive_lemuel
D:10:     layout_basic, dk_noncrumbling_4, minmay_misc_feat_encased,
          nrook_pool_corridor, uniq_lodul
D:11:     layout_loops_cross, david_orc_2, grunt_dithmenos_smoke
Temple:   compressed_dpeg_triangle_lava_temple
Lair:1:   layout_gridlike, chequers_serial_rivers_small_a
Lair:2:   layout_loops_ring, minmay_shoals_entry_beasts, spider_nest_entry_a,
          nzn_random_ring

Notes
Turn   | Place    | Note
-------+----------+-------------------------------------------
     0 | D:1      | sanka the Gnoll Conjurer began the quest for the Orb.
     0 | D:1      | Reached XP level 1. HP: 13/13 MP: 6/6
   274 | D:1      | Reached XP level 2. HP: 19/19 MP: 3/7
   314 | D:1      | Learned a level 2 spell: Searing Ray
   465 | D:1      | Found a faded altar of an unknown god.
  1283 | D:2      | Reached skill level 5 in Spellcasting
  1283 | D:2      | Reached XP level 3. HP: 25/25 MP: 3/9
  1369 | D:2      | Reached skill level 1 in Invocations
  1421 | D:2      | Reached skill level 1 in Fighting
  1421 | D:2      | Reached skill level 1 in Short Blades
  1421 | D:2      | Reached skill level 1 in Long Blades
  1421 | D:2      | Reached skill level 1 in Axes
  1421 | D:2      | Reached skill level 1 in Maces & Flails
  1421 | D:2      | Reached skill level 1 in Polearms
  1421 | D:2      | Reached skill level 1 in Staves
  1421 | D:2      | Reached skill level 1 in Ranged Weapons
  1421 | D:2      | Reached skill level 1 in Throwing
  1421 | D:2      | Reached skill level 1 in Armour
  1421 | D:2      | Reached skill level 1 in Shields
  1421 | D:2      | Reached skill level 1 in Unarmed Combat
  1421 | D:2      | Reached skill level 1 in Evocations
  1674 | D:2      | Reached XP level 4. HP: 32/32 MP: 7/11
  2307 | D:2      | Reached skill level 1 in Hexes
  2307 | D:2      | Reached skill level 1 in Summonings
  2307 | D:2      | Reached skill level 1 in Necromancy
  2307 | D:2      | Reached skill level 1 in Translocations
  2307 | D:2      | Reached skill level 1 in Transmutations
  2307 | D:2      | Reached skill level 1 in Fire Magic
  2307 | D:2      | Reached skill level 1 in Ice Magic
  2307 | D:2      | Reached skill level 1 in Air Magic
  2307 | D:2      | Reached skill level 1 in Earth Magic
  2307 | D:2      | Reached skill level 1 in Poison Magic
  3348 | D:4      | Reached XP level 5. HP: 35/37 MP: 7/12
  3417 | D:4      | Noticed Sigmund
  3536 | D:4      | Found an ornate altar of the Wu Jian Council.
  3538 | D:4      | Found a shimmering altar of Xom.
  3554 | D:4      | Reached skill level 2 in Invocations
  3650 | D:4      | Found Gasacath's Serpentskin Sales.
  3661 | D:4      | Reached XP level 6. HP: 42/44 MP: 3/13
  3739 | D:4      | Bought 3 curare-tipped darts for 18 gold pieces
  3739 | D:4      | Bought a scroll of poison for 40 gold pieces
  3740 | D:4      | Noticed a black bear
  3745 | D:4      | Killed a black bear
  3746 | D:4      | Reached skill level 2 in Fighting
  3746 | D:4      | Reached skill level 2 in Short Blades
  3746 | D:4      | Reached skill level 2 in Long Blades
  3746 | D:4      | Reached skill level 2 in Axes
  3746 | D:4      | Reached skill level 2 in Maces & Flails
  3746 | D:4      | Reached skill level 2 in Polearms
  3746 | D:4      | Reached skill level 2 in Staves
  3746 | D:4      | Reached skill level 2 in Ranged Weapons
  3746 | D:4      | Reached skill level 2 in Throwing
  3746 | D:4      | Reached skill level 2 in Armour
  3746 | D:4      | Reached skill level 5 in Dodging
  3746 | D:4      | Reached skill level 2 in Shields
  3746 | D:4      | Reached skill level 2 in Unarmed Combat
  3746 | D:4      | Reached skill level 2 in Evocations
  4352 | D:4      | Noticed a water moccasin
  4358 | D:4      | Killed a water moccasin
  4359 | D:4      | Reached skill level 2 in Hexes
  4359 | D:4      | Reached skill level 2 in Summonings
  4359 | D:4      | Reached skill level 2 in Necromancy
  4359 | D:4      | Reached skill level 2 in Translocations
  4359 | D:4      | Reached skill level 2 in Transmutations
  4359 | D:4      | Reached skill level 2 in Fire Magic
  4359 | D:4      | Reached skill level 2 in Ice Magic
  4359 | D:4      | Reached skill level 2 in Air Magic
  4359 | D:4      | Reached skill level 2 in Earth Magic
  4359 | D:4      | Reached skill level 2 in Poison Magic
  4359 | D:4      | Reached XP level 7. HP: 46/51 MP: 7/15
  4635 | D:5      | Entered Level 5 of the Dungeon
  4767 | D:5      | Noticed Eustachio
  4777 | D:5      | Killed Eustachio
  4778 | D:5      | Reached skill level 5 in Stealth
  4778 | D:5      | Reached skill level 3 in Invocations
  4954 | D:5      | Found a staircase to the Ecumenical Temple.
  5026 | D:5      | Reached skill level 3 in Fighting
  5026 | D:5      | Reached skill level 3 in Short Blades
  5026 | D:5      | Reached skill level 3 in Long Blades
  5026 | D:5      | Reached skill level 3 in Axes
  5026 | D:5      | Reached skill level 3 in Maces & Flails
  5026 | D:5      | Reached skill level 3 in Polearms
  5026 | D:5      | Reached skill level 3 in Staves
  5026 | D:5      | Reached skill level 3 in Ranged Weapons
  5026 | D:5      | Reached skill level 3 in Throwing
  5026 | D:5      | Reached skill level 3 in Armour
  5026 | D:5      | Reached skill level 3 in Shields
  5026 | D:5      | Reached skill level 3 in Unarmed Combat
  5026 | D:5      | Reached skill level 3 in Evocations
  5026 | D:5      | Reached XP level 8. HP: 58/58 MP: 8/16
  5085 | D:5      | Found a stormy altar of Qazlal.
  5364 | D:5      | Reached skill level 6 in Spellcasting
  5852 | Temple   | Entered the Ecumenical Temple
  5956 | Temple   | Became a worshipper of Ashenzari the Shackled
  6299 | D:5      | Learned a level 4 spell: Fulminant Prism
  6373 | D:6      | Found a glowing drain.
  6419 | D:6      | Reached skill level 3 in Hexes
  6419 | D:6      | Reached skill level 3 in Summonings
  6419 | D:6      | Reached skill level 3 in Necromancy
  6419 | D:6      | Reached skill level 3 in Translocations
  6419 | D:6      | Reached skill level 3 in Transmutations
  6419 | D:6      | Reached skill level 3 in Fire Magic
  6419 | D:6      | Reached skill level 3 in Ice Magic
  6419 | D:6      | Reached skill level 3 in Air Magic
  6419 | D:6      | Reached skill level 3 in Earth Magic
  6419 | D:6      | Reached skill level 3 in Poison Magic
  6419 | D:6      | Reached skill level 4 in Invocations
  6514 | Sewer    | Entered a sewer
  6734 | Sewer    | Reached skill level 6 in Dodging
  6887 | Sewer    | Found a viscous altar of Jiyva.
  7275 | D:6      | Identified the +4 battleaxe of Lusei {vamp, rF++}
  7278 | D:6      | Reached * piety under Ashenzari
  7278 | D:6      | Identified a scroll of acquirement
  7278 | D:6      | Identified a potion of experience
  7279 | D:6      | Reached skill level 5 in Fighting
  7279 | D:6      | Reached skill level 5 in Short Blades
  7279 | D:6      | Reached skill level 5 in Long Blades
  7279 | D:6      | Reached skill level 5 in Axes
  7279 | D:6      | Reached skill level 5 in Maces & Flails
  7279 | D:6      | Reached skill level 5 in Polearms
  7279 | D:6      | Reached skill level 5 in Staves
  7279 | D:6      | Reached skill level 5 in Ranged Weapons
  7279 | D:6      | Reached skill level 5 in Throwing
  7279 | D:6      | Reached skill level 5 in Armour
  7279 | D:6      | Reached skill level 7 in Dodging
  7279 | D:6      | Reached skill level 7 in Stealth
  7279 | D:6      | Reached skill level 5 in Shields
  7279 | D:6      | Reached skill level 5 in Unarmed Combat
  7279 | D:6      | Reached skill level 7 in Spellcasting
  7279 | D:6      | Reached skill level 8 in Conjurations
  7279 | D:6      | Reached skill level 4 in Hexes
  7279 | D:6      | Reached skill level 4 in Summonings
  7279 | D:6      | Reached skill level 4 in Necromancy
  7279 | D:6      | Reached skill level 4 in Translocations
  7279 | D:6      | Reached skill level 4 in Transmutations
  7279 | D:6      | Reached skill level 4 in Fire Magic
  7279 | D:6      | Reached skill level 4 in Ice Magic
  7279 | D:6      | Reached skill level 4 in Air Magic
  7279 | D:6      | Reached skill level 4 in Earth Magic
  7279 | D:6      | Reached skill level 4 in Poison Magic
  7279 | D:6      | Reached skill level 6 in Invocations
  7279 | D:6      | Reached skill level 5 in Evocations
  7279 | D:6      | Reached XP level 9. HP: 69/69 MP: 17/20
  7282 | D:6      | Acquired the +8 broad axe of Viulae {freeze, rC+ Stlth+}
  8057 | D:7      | Reached XP level 10. HP: 76/76 MP: 16/21
  8083 | D:7      | Identified +0 acid dragon scales
  8083 | D:7      | Noticed Maggie
  8092 | D:7      | Killed Maggie
  8399 | D:7      | Reached skill level 6 in Fighting
  8399 | D:7      | Reached skill level 6 in Short Blades
  8399 | D:7      | Reached skill level 6 in Long Blades
  8399 | D:7      | Reached skill level 6 in Axes
  8399 | D:7      | Reached skill level 6 in Maces & Flails
  8399 | D:7      | Reached skill level 6 in Polearms
  8399 | D:7      | Reached skill level 6 in Staves
  8399 | D:7      | Reached skill level 6 in Ranged Weapons
  8399 | D:7      | Reached skill level 6 in Throwing
  8399 | D:7      | Reached skill level 6 in Armour
  8399 | D:7      | Reached skill level 6 in Shields
  8399 | D:7      | Reached skill level 6 in Unarmed Combat
  8399 | D:7      | Reached skill level 6 in Evocations
  8428 | D:7      | Reached skill level 5 in Hexes
  8428 | D:7      | Reached skill level 5 in Summonings
  8428 | D:7      | Reached skill level 5 in Necromancy
  8428 | D:7      | Reached skill level 5 in Translocations
  8428 | D:7      | Reached skill level 5 in Transmutations
  8428 | D:7      | Reached skill level 5 in Fire Magic
  8428 | D:7      | Reached skill level 5 in Ice Magic
  8428 | D:7      | Reached skill level 5 in Air Magic
  8428 | D:7      | Reached skill level 5 in Earth Magic
  8428 | D:7      | Reached skill level 5 in Poison Magic
  8771 | D:7      | Paralysed by a hornet for 3 turns
  8778 | D:7      | Reached skill level 8 in Spellcasting
  9509 | D:8      | Reached ** piety under Ashenzari
  9885 | D:8      | Noticed Psyche
  9898 | D:8      | Killed Psyche
 10027 | D:8      | Noticed Joseph
 10044 | D:8      | Killed Joseph
 10450 | D:8      | Reached *** piety under Ashenzari
 10525 | D:8      | Paralysed by a gnoll bouda for 4 turns
 10536 | D:8      | Reached skill level 9 in Conjurations
 10536 | D:8      | Reached skill level 7 in Invocations
 10698 | D:8      | Noticed a gargoyle
 10711 | D:8      | Killed a gargoyle
 10712 | D:8      | Reached skill level 8 in Dodging
 11160 | D:8      | Noticed a centaur warrior
 11171 | D:8      | Killed a centaur warrior
 11172 | D:8      | Reached XP level 11. HP: 40/86 MP: 23/25
 11673 | D:4      | Found Gasacath's Serpentskin Sales.
 11683 | D:4      | Found an ornate altar of the Wu Jian Council.
 11686 | D:4      | Found a shimmering altar of Xom.
 12084 | D:4      | Killed Sigmund
 12354 | D:9      | Reached skill level 8 in Stealth
 12635 | D:9      | Found a staircase to the Lair.
 13045 | D:9      | Identified a +2 robe of the Archmagi
 13229 | D:10     | Entered Level 10 of the Dungeon
 13496 | D:10     | Noticed a two-headed ogre
 13527 | D:10     | Killed a two-headed ogre
 13690 | D:10     | Noticed Lodul
 13927 | D:10     | Killed Lodul
 13928 | D:10     | Reached skill level 7 in Fighting
 13928 | D:10     | Reached skill level 7 in Short Blades
 13928 | D:10     | Reached skill level 7 in Long Blades
 13928 | D:10     | Reached skill level 7 in Axes
 13928 | D:10     | Reached skill level 7 in Maces & Flails
 13928 | D:10     | Reached skill level 7 in Polearms
 13928 | D:10     | Reached skill level 7 in Staves
 13928 | D:10     | Reached skill level 7 in Ranged Weapons
 13928 | D:10     | Reached skill level 7 in Throwing
 13928 | D:10     | Reached skill level 7 in Armour
 13928 | D:10     | Reached skill level 7 in Shields
 13928 | D:10     | Reached skill level 7 in Unarmed Combat
 13928 | D:10     | Reached skill level 7 in Evocations
 14210 | D:11     | Found a shadowy altar of Dithmenos.
 14224 | D:11     | Noticed a manticore
 14234 | D:11     | Found a staircase to the Orcish Mines.
 14246 | D:11     | Killed a manticore
 14271 | D:11     | Noticed a tengu warrior
 14283 | D:11     | Killed a tengu warrior
 14284 | D:11     | Reached skill level 6 in Hexes
 14284 | D:11     | Reached skill level 6 in Summonings
 14284 | D:11     | Reached skill level 6 in Necromancy
 14284 | D:11     | Reached skill level 6 in Translocations
 14284 | D:11     | Reached skill level 6 in Transmutations
 14284 | D:11     | Reached skill level 6 in Fire Magic
 14284 | D:11     | Reached skill level 6 in Ice Magic
 14284 | D:11     | Reached skill level 6 in Air Magic
 14284 | D:11     | Reached skill level 6 in Earth Magic
 14284 | D:11     | Reached skill level 6 in Poison Magic
 14505 | D:11     | Reached skill level 8 in Invocations
 14542 | D:11     | Reached skill level 9 in Spellcasting
 14748 | D:11     | Noticed a five-headed hydra
 14765 | D:11     | Killed a five-headed hydra
 14788 | D:11     | Noticed a cyclops
 14934 | D:11     | Killed a cyclops
 14935 | D:11     | Reached XP level 12. HP: 78/94 MP: 26/26
 15538 | Lair:1   | Entered Level 1 of the Lair of Beasts
 15633 | Lair:1   | Noticed a seven-headed hydra
 15645 | Lair:1   | Killed a seven-headed hydra
 15944 | Lair:1   | Reached skill level 9 in Dodging
 16577 | Lair:2   | Reached skill level 9 in Stealth
 16727 | Lair:1   | Reached **** piety under Ashenzari
 16743 | Lair:2   | Reached skill level 8 in Fighting
 16743 | Lair:2   | Reached skill level 8 in Short Blades
 16743 | Lair:2   | Reached skill level 8 in Long Blades
 16743 | Lair:2   | Reached skill level 8 in Axes
 16743 | Lair:2   | Reached skill level 8 in Maces & Flails
 16743 | Lair:2   | Reached skill level 8 in Polearms
 16743 | Lair:2   | Reached skill level 8 in Staves
 16743 | Lair:2   | Reached skill level 8 in Ranged Weapons
 16743 | Lair:2   | Reached skill level 8 in Throwing
 16743 | Lair:2   | Reached skill level 8 in Armour
 16743 | Lair:2   | Reached skill level 8 in Shields
 16743 | Lair:2   | Reached skill level 8 in Unarmed Combat
 16743 | Lair:2   | Reached skill level 8 in Evocations
 16812 | Lair:2   | Found a hole to the Spider Nest.
 17262 | Lair:2   | Noticed a death yak
 17270 | Lair:2   | Killed a death yak
 17271 | Lair:2   | Reached skill level 9 in Invocations
 17308 | Lair:2   | Reached skill level 10 in Conjurations
 17370 | Lair:2   | Noticed a six-headed hydra
 17374 | Lair:2   | Noticed a four-headed hydra
 17376 | Lair:2   | HP: 8/98 [seven-headed hydra (3)]
 17376 | Lair:2   | HP: 3/98 [seven-headed hydra (5)]
 17378 | Lair:2   | Slain by a wind drake

Vanquished Creatures
  2 hydras
  A two-headed ogre (D:10)
  A centaur warrior (D:8)
  A tengu warrior (D:11)
  A death yak (Lair:2)
  Lodul (D:10)
  A manticore (D:11)
  5 elephants (Lair:2)
  A cyclops (D:11)
  Joseph (D:8)
  A black mamba (Lair:2)
  A gargoyle (D:8)
  A torpor snail (Lair:2)
  3 cane toads
  Psyche (D:8)
  An unseen horror (D:11)
  A rime drake (Lair:1)
  Maggie (D:7)
  2 trolls
  A tengu conjurer (D:11)
  A hornet (D:7)
  4 blink frogs (Lair:2)
  Sigmund (D:4)
  10 yaks
  A wyvern (D:8)
  Eustachio (D:5)
  2 basilisks
  2 redbacks (Lair:2)
  5 vampire mosquitoes
  9 water moccasins
  5 black bears
  3 orc warriors
  2 sky beasts
  An ice beast (D:7)
  8 ogres
  A wolf (Lair:2)
  2 centaurs
  A phantom (D:6)
  2 kobold brigands
  14 bullfrogs
  7 scorpions
  4 wights (D:9)
  4 killer bees (D:8)
  An electric eel (D:10)
  5 howler monkeys
  6 jellies
  2 orc priests
  4 hounds
  3 gnoll boudas
  3 iguanas (D:5)
  An orc wizard (D:9)
  20 gnolls
  15 adders
  A river rat (Sewer)
  2 shadow imps
  A white imp (D:7)
  4 ufetubi
  3 worms
  2 dart slugs
  13 orcs
  8 bats
  10 endoplasms
  7 giant cockroaches
  5 goblins
  7 hobgoblins
  2 jackals (D:1)
  5 quokkas
  13 ball pythons
  3 frilled lizards (Sewer)
  13 kobolds
  4 rats
  A fulminant prism (D:10)
282 creatures vanquished.

Vanquished Creatures (others)
  63 fulminant prisms
  11 fungi
  18 plants
92 creatures vanquished.

Grand Total: 374 creatures vanquished
